 Dungeon Crawl Stone Soup version 0.23.1 (webtiles) character file.

Game seed: 9966895801463900317

399 Borgoz the Skirmisher (level 6, -3/52 HPs)
             Began as a Ghoul Monk on Mar 18, 2019.
             Slain by a mummy (14 damage)
             ... in an ossuary.
             The game lasted 00:05:18 (2520 turns).

Borgoz the Skirmisher (Ghoul Monk)                  Turns: 2520, Time: 00:05:19

Health: -3/52      AC:  7    Str: 12 (15) XL:     6   Next: 84%
Magic:  5/5        EV: 18    Int:  2 (6)  God:
Gold:   108        SH:  0    Dex: 14 (17) Spells: 5/5 levels left

rFire    + . .     SeeInvis .   b - +0 rapier
rCold    + + .     Gourm    .   (no shield)
rNeg     + + +     Faith    .   i - +0 leather armour (curse)
rPois    ∞         Spirit   .   x - +0 helmet
rElec    +         Reflect  .   j - +1 cloak
rCorr    +         Harm     .   q - +0 pair of gloves
MR       +....                  (no boots)
Stlth    +++.......             (no amulet)
HPRegen  0.00/turn              u - ring of protection from magic
MPRegen  0.09/turn              (no ring)

@: agile, resistant, rotting
A: rotting body, claws 1, carnivore, cold resistance 1, negative energy
resistance 3, inhibited regeneration, torment resistance, unbreathing
a: no special abilities


You were in an ossuary.
You were not hungry.

You visited 1 branch of the dungeon, and saw 4 of its levels.
You also visited: Ossuary.

You collected 108 gold pieces.

Inventory:

Hand Weapons
 a - a +2 dagger of venom
 b - a +0 rapier (weapon)
Missiles
 l - 2 javelins (quivered)
Armour
 g - a +0 ring mail
 i - a cursed +0 leather armour (worn)
 j - a +1 cloak (worn)
 q - a +0 pair of gloves (worn)
 x - a +0 helmet (worn)
Jewellery
 u - a ring of protection from magic (left hand)
Scrolls
 e - 3 scrolls of teleportation {unknown}
 f - 2 scrolls of remove curse {unknown}
 h - 2 scrolls of amnesia {unknown}
 m - a scroll of magic mapping {unknown}
 o - 3 scrolls of identify {unknown}
 p - a scroll of fog {unknown}
 v - a scroll of enchant armour {unknown}
 w - a scroll of blinking {unknown}
Potions
 d - a potion of mutation
 k - a potion of curing
 r - a potion of agility
 y - a potion of heal wounds
Comestibles
 c - 8 rations


   Skills:
 + Level 4.2 Fighting
 * Level 4.0 Short Blades
 * Level 2.7 Armour
 * Level 4.2 Dodging
 + Level 3.5 Stealth


You had 5 spell levels left.
You didn't know any spells.
Your spell library contained the following spells:

 Spells                   Type           Power        Failure   Level  Hunger
 Freeze                   Ice            #...         63%         1    ##.....
 Throw Frost              Conj/Ice       #.....       77%         2    ###....
 Ozocubu's Armour         Chrm/Ice       #.......     94%         3    ####...
 Summon Ice Beast         Ice/Summ       #.......     100%        4    #####..
 Throw Icicle             Conj/Ice       #.......     100%        4    #####..


Dungeon Overview and Level Annotations

Branches:
Dungeon (4/15)
 Temple: D:4-7

Altars:
Makhleb

Annotations:
D:3 2 transporters, Folque's ghost, amateur DrEE


Innate Abilities, Weirdness & Mutations

Your body is rotting away.
You thrive on raw meat.
You are immune to poison.
You have sharp fingernails.
You are carnivorous and can eat meat at any time.
Your flesh is cold resistant. (rC+)
You are immune to negative energy. (rN+++)
You do not regenerate when monsters are visible.
You are immune to unholy pain and torment.
You can survive without breathing.


Message History

You barely miss the mummy. You hit the mummy.
The mummy is moderately damaged.
The mummy misses you. x2
You hit the mummy but do no damage.
The mummy is moderately damaged.
The orc zombie hits you but does no damage.
You hit the mummy but do no damage.
The mummy is moderately damaged.
The mummy hits you but does no damage. The mummy closely misses you.
You barely miss the mummy.
The mummy is lightly damaged.
The orc zombie barely misses you. The mummy misses you.
You hit the mummy.
The mummy is moderately damaged.
The mummy hits you but does no damage. The orc zombie completely misses you.
You hit the mummy.
The mummy is moderately damaged.
The mummy misses you. The orc zombie closely misses you. The mummy hits you!
You die...

........#
......#
#....#
#....#
#....#
#....#
#....#
#..MZ#
#..M@#
#....#
#.∩∩.#
######


You could see 2 mummies and an orc zombie.

Vanquished Creatures
  Eustachio (D:4)
  A crimson imp (D:3)
  2 orc priests (D:3)
  A mummy (Ossuary)
  7 adders
  An ooze (D:1)
  4 worms
  A dart slug (D:1)
  4 leopard geckos
  4 orcs (D:3)
  5 giant cockroaches
  6 goblins
  4 hobgoblins
  7 jackals
  11 kobolds
  8 bats
  4 frilled lizards (D:3)
  2 kobold zombies (Ossuary)
  2 orc zombies (Ossuary)
  9 rats
84 creatures vanquished.

Vanquished Creatures (others)
  4 toadstools (D:1)
4 creatures vanquished.

Grand Total: 88 creatures vanquished

Notes
Turn   | Place    | Note
-------+----------+-------------------------------------------
     0 | D:1      | Borgoz the Ghoul Monk began the quest for the Orb.
     0 | D:1      | Reached XP level 1. HP: 19/19 MP: 0/0
   171 | D:1      | Reached XP level 2. HP: 25/26 MP: 1/1
   332 | D:1      | Reached skill level 1 in Armour
   332 | D:1      | Reached XP level 3. HP: 24/31 MP: 2/2
   760 | D:2      | Found a faded altar of an unknown god.
   827 | D:2      | Reached XP level 4. HP: 33/39 MP: 3/3
   864 | D:2      | Found a burning altar of Makhleb.
   864 | D:2      | Noticed an Executioner
  1611 | D:3      | Found a transporter.
  1611 | D:3      | Noticed Folque's ghost (amateur DrEE)
  1662 | D:3      | Reached XP level 5. HP: 44/45 MP: 4/4
  1847 | D:3      | Found a transporter.
  1997 | D:3      | Reached XP level 6. HP: 35/52 MP: 5/5
  2296 | D:4      | Noticed Eustachio
  2404 | D:4      | Killed Eustachio
  2432 | D:4      | Found a sand-covered staircase.
  2437 | Ossuary  | Entered an ossuary
  2520 | Ossuary  | Slain by a mummy

Skill      XL: |  1  2  3  4  5  6 |
---------------+-------------------+-----
Dodging        | 3 4 |  4.2
Short Blades   | 3 4 |  4.0
Armour         | 1 2 |  2.7
Stealth        | 3 |  3.5
Fighting       | 4 |  4.2

Action                   |  1- 3 |  4- 6 || total
-------------------------+-------+-------++-------
Melee: Short sword       |    46 |       ||    46
       Dagger            |    64 |   159 ||   223
       Rapier            |       |    37 ||    37
  Use: Potion            |       |     7 ||     7
 Stab: Sleeping          |     4 |     9 ||    13
  Eat: Chunk             |     5 |     5 ||    10
Armor: Robe              |    13 |       ||    13
       Leather armour    |    17 |    64 ||    81
Dodge: Dodged            |    88 |   132 ||   220
